 Dungeon Crawl Stone Soup version 0.32-a0-485-g70f7560b1c (webtiles) character file.

Game seed: 4031932604359849963

1992 ytrimaz the Digger (level 9, -8/51 HPs)
             Began as an Octopode Earth Elementalist on Feb 27, 2024.
             Mangled by an ice beast (12 damage)
             ... on level 7 of the Dungeon.
             The game lasted 00:09:37 (6250 turns).

ytrimaz the Digger (Octopode Earth Elementalist)    Turns: 6250, Time: 00:09:38

Health: -8/51      AC:  1    Str:  7    XL:     9   Next: 21%
Magic:  1/12       EV: 13    Int: 21    God:
Gold:   174        SH:  0    Dex: 19    Spells: 1/12 levels left

rFire   . . .        t - +3 dagger (venom)
rCold   . . .        (no shield)
rNeg    + . .        (helmet restricted)
rPois   .            e - amulet of the acrobat
rElec   .            d - +6 ring of dexterity
rCorr   .            g - ring of positive energy
SInv    .            (no ring)
Will    .....        (no ring)
Stlth   ++++         (no ring)
HPRegen 0.28/turn    (no ring)
MPRegen 0.13/turn    (no ring)
                     (no ring)

%: acrobat
@: no status effects
A: almost no armour, amphibious, 8 rings, camouflage 1, gelatinous body 1,
(nimble swimmer 1), tentacles
a: Convert to Beogh


You were on level 7 of the Dungeon.
You visited 2 branches of the dungeon, and saw 8 of its levels.

You collected 403 gold pieces.
You spent 229 gold pieces at shops.


Innate Abilities, Weirdness & Mutations

You cannot wear most types of armour.
You are amphibious.
You can wear up to eight rings at the same time.
Your skin changes colour to match your surroundings (Stealth+).
Your rubbery body absorbs attacks. (AC +1, EV +1)
((You are camouflaged when in or above water. (Stealth+)))
You have tentacles for arms and can constrict up to eight enemies at once.


   Skills:
 - Level 2.0 Dodging
 - Level 3.0 Stealth
 + Level 6.9 Unarmed Combat
 - Level 2.0 Spellcasting
 + Level 6.2 Conjurations
 + Level 7.6 Earth Magic


You had one spell level left.
You knew the following spells:

 Your Spells              Type           Power      Damage    Failure   Level
a - Sandblast             Erth           68%        2d15      1%          1
b - Stone Arrow           Conj/Erth      62%        3d10      2%          3
c - Brom's Barrelling Bo  Conj/Erth      31%        2d5       9%          4
d - Passwall              Erth           34%        N/A       1%          3

Your spell library contained the following spells:

 Spells                   Type           Power      Damage    Failure   Level
 Kiss of Death            Conj/Necr      60%        2d10      4%          1
 Apportation              Tloc           4%         N/A       14%         1
 Cigotuvi's Dreadful Rot  Necr/Alch/Air  4%         N/A       22%         2
 Jinxbite                 Hex            4%         N/A       22%         2
 Petrify                  Alch/Erth      18%        N/A       30%         4
 Iskenderun's Mystic Bla  Conj/Tloc      15%        2d5       38%         4
 Confusing Touch          Hex            2%         N/A       41%         3
 Tukima's Dance           Hex            2%         N/A       41%         3
 Dimensional Bullseye     Hex/Tloc       1%         N/A       82%         4
 Dispel Undead            Necr           2%         3d7       82%         4
 Ignite Poison            Fire/Alch      2%         N/A       82%         4
 Freezing Cloud           Conj/Ice/Air   5%         6-21      86%         5
 Alistair's Intoxication  Alch           1%         N/A       99%         5

Inventory:

Hand Weapons
 s - a +0 dagger of venom
   (You took it off an orc on level 3 of the Dungeon)
 t - a +3 dagger of venom (weapon)
   (You took it off a goblin on level 4 of the Dungeon)
Jewellery
 d - a +6 ring of dexterity (left tentacle)
   (You found it on level 1 of the Dungeon)
 e - an amulet of the acrobat (around mantle)
   (You found it on level 1 of the Dungeon)
 g - a ring of positive energy (right tentacle)
   (You found it on level 1 of the Dungeon)
 u - a ring of ice
   (You took it off an orc on level 6 of the Dungeon)
Wands
 q - a wand of roots (16)
   (You took it off Ijyb on level 3 of the Dungeon)
Scrolls
 b - a scroll of torment {unknown}
 c - 5 scrolls of enchant weapon
 k - a scroll of vulnerability {unknown}
 n - a scroll of fear
 v - a scroll of revelation {unknown}
 w - 3 scrolls of teleportation
 x - a scroll of noise
 y - a scroll of brand weapon {unknown}
 z - a scroll of poison
Potions
 a - 2 potions of magic
 f - a potion of enlightenment {unknown}
 h - 3 potions of heal wounds
 i - 2 potions of degeneration {unknown}
 j - a potion of might {unknown}
 l - a potion of resistance {unknown}
 m - 2 potions of brilliance {unknown}
 o - a potion of lignification
 p - 3 potions of invisibility {unknown}
 r - 2 potions of mutation
 A - a potion of curing

Dungeon Overview and Level Annotations

Branches:
Dungeon (7/15) Zot: 26473  Temple (1/1) D:6 Zot: 5998

Altars:
Cheibriados
Dithmenos
Fedhas
Gozag
Hepliaklqana
Kikubaaqudgha
Makhleb
Nemelex Xobeh
Okawaru
Ru
Sif Muna
Uskayaw
Xom
The Shining One
Lugonu

Shops:
D:3 !   D:5 *

Portals:
Abyss: D:4

Annotations:
D:4 2 runed translucent doors

#.#..# #.##...#... .
##....###.........)
.###...#.##.....#.##.)
.........###..........
#.../...........#)..
#.........<......)..
#......##...........
##.......#.....#....
#.@.....#.....##...
#Y##....#.....##...
)ooo........##....(.
#...##.######.####.#..
##.. #. ..# .#.. ...
.. ...# #.. #.. #..
... ##.. ......


You could see an ice beast, an orc priest and an orc wizard.


Message History

Aim: an orc, wielding a +0 dagger (84% to hit)
The blast of sand hits the orc!
You kill the orc! 😮 HP[+1] Unknown command.
Found a stone staircase leading down.
Things that are here:
a +0 dagger; an orc corpse; 😎 HP[+16] MP[+8]
Your hp is fully restored (51).
Your mp is fully restored (12).
You see here a +0 hand axe.
A - a potion of curing You see here a +0 club.
An orc comes into view.
It is wielding a +2 short sword of venom.
An orc is nearby!
An orc is nearby!
An orc is nearby!
You can't see any susceptible monsters within range! (Use Z to cast anyway.)
You can't see any susceptible monsters within range! (Use Z to cast anyway.)
The blast of sand hits the orc!
You kill the orc!
You hear a shout! x2 😎 MP[-1]
You lost 1 mp, and now have 11/12 mp.
You can't see any susceptible monsters within range! (Use Z to cast anyway.)
You hear a shout!
An orc wizard comes into view. It is wielding a +0 dagger.
An ice beast comes into view.
There are monsters nearby!
There are monsters nearby!
You can't see any susceptible monsters within range! (Use Z to cast anyway.)
The orc wizard casts a spell at you. The magic dart hits you. 😕 HP[-6]
You take 6 damage, and now have 45/51 hp.
The blast of sand hits the orc wizard.
An orc wizard comes into view. It is wielding a +0 dagger. 😕 MP[-1]
You lost 1 mp, and now have 10/12 mp.
The blast of sand hits the orc wizard. 😕 MP[-1]
You lost 1 mp, and now have 9/12 mp.
Casting: Sandblast (safe; 1% risk of failure)
Confirm with . or Enter, or press ? or * to list all spells.
Aiming: Stone Arrow (dangerous; 2% risk of failure)
Press: ? - help, Shift-Dir - straight line, f/p - orc wizard
Aim: an orc wizard, wielding a +0 dagger and wearing a +0 robe (heavily wounded, 67% to hit)
The stone arrow hits the orc wizard!!
You kill the orc wizard!
The orc wizard casts a spell at you. The magic dart hits you!
An orc comes into view.
It is wielding a +0 flail. 😮 HP[-7] MP[-2]
You take 7 damage, and now have 38/51 hp.
You lost 2 mp, and now have 7/12 mp.
Casting: Stone Arrow (dangerous; 2% risk of failure)
Confirm with . or Enter, or press ? or * to list all spells.
You don't know that spell.
Casting: Stone Arrow (dangerous; 2% risk of failure)
Confirm with . or Enter, or press ? or * to list all spells.
Aiming: Brom's Barrelling Boulder (dangerous; 9% risk of failure)
Press: ? - help, Dir - move target, f - you There's a thick-headed creature in the way.
Okay, then.
Casting: Brom's Barrelling Boulder (dangerous; 9% risk of failure)
Confirm with . or Enter, or press ? or * to list all spells.
Aiming: Stone Arrow (dangerous; 2% risk of failure)
Press: ? - help, Shift-Dir - straight line, f - ice beast
Aim: an ice beast (74% to hit)
The stone arrow hits the ice beast!
The ice beast hits you. The ice beast freezes you!
An orc priest comes into view.
It is wielding a +0 hand axe. 😮 HP[-10] MP[-3]
You take 10 damage, and now have 28/51 hp.
You lost 3 mp, and now have 4/12 mp.
Casting: Stone Arrow (dangerous; 2% risk of failure)
Confirm with . or Enter, or press ? or * to list all spells.
Aiming: Stone Arrow (dangerous; 2% risk of failure)
Press: ? - help, Shift-Dir - straight line, f/p - ice beast
Aim: an ice beast (moderately wounded, 74% to hit)
The stone arrow hits the ice beast!
The orc priest shouts, "Surrender to Beogh and we'll let you live!"
The ice beast hits you.
* * * LOW HITPOINT WARNING * * *
The ice beast freezes you!
* * * LOW HITPOINT WARNING * * *
😨 HP[-12] MP[-3]
You take 12 damage, and now have 16/51 hp.
MASSIVE DAMAGE!! (PAUSE)
You lost 3 mp, and now have 1/12 mp.
You barely miss the ice beast. The ice beast hits you.
* * * LOW HITPOINT WARNING * * *
The ice beast freezes you!
* * * LOW HITPOINT WARNING * * *
😱 HP[-7]
You take 7 damage, and now have 9/51 hp.
Unknown command.
You hit the ice beast but do no damage. The ice beast hits you.
* * * LOW HITPOINT WARNING * * *
The ice beast freezes you!
You die...

Skill      XL: |  1  2  3  4  5  6  7  8  9 |
---------------+----------------------------+-----
Stealth        | 3 |  3.0
Unarmed Combat | 1 2 3 4 5 6 |  6.9
Earth Magic    | 4 5 6 7 |  7.6
Conjurations   | 2 4 5 6 |  6.2
Dodging        | |  2.0
Spellcasting   | |  2.0

Action                     |  1- 3 |  4- 6 |  7- 9 || total
---------------------------+-------+-------+-------++-------
  Melee: Unarmed           |   100 |    87 |       ||   187
         Constrict         |    31 |    26 |    10 ||    67
         Tentacles         |    22 |    19 |     8 ||    49
         Punch             |     2 |     2 |       ||     4
         Dagger            |       |    25 |    35 ||    60
   Cast: Sandblast         |     4 |    29 |    77 ||   110
         Stone Arrow       |       |     3 |    15 ||    18
         Brom's Barrelling |       |       |     1 ||     1
  Evoke: Wand              |       |     2 |       ||     2
    Use: Potion            |       |     4 |     1 ||     5
         Scroll            |       |       |    10 ||    10
   Stab: Sleeping          |     4 |    10 |     2 ||    16
 Armour: Skin              |    48 |    95 |    49 ||   192
  Dodge: Dodged            |    92 |    76 |    40 ||   208

Levels and vault maps discovered:
D:1:      dpeg_arrival_ratfight, layout_basic, shapermc_ecumenical_altar_venn
D:2:      layout_loops_ring, minmay_quantized
D:3:      layout_rooms, old_standard_altar, nemelex_diamond_rough_becter,
          serial_shops, shop, uniq_ijyb, uniq_jessica, uniq_robin
D:4:      due_chaos_kobolds, layout_basic, uniq_pikel
D:5:      layout_loops_ring, nicolae_overflow_crystal_walls,
          nicolae_wooded_promenade, supply_closet_lemuel
D:6:      layout_rooms, kennysheep_mini, minmay_temple_entry_tees, minivault_11
D:7:      layout_cave_pools, tgw_trog, serial_shops, nicolae_shop_hallway_plus,
          uniq_crazy_yiuf_cottage
Temple:   eino_temple_lava

Notes
Turn   | Place    | Note
-------+----------+-------------------------------------------
     0 | D:1      | ytrimaz the Octopode Earth Elementalist began the quest for
                  | the Orb.
     0 | D:1      | Reached XP level 1. HP: 11/11 MP: 3/3
     0 | D:1      | magus.rc [v1.9.6]
    39 | D:1      | Found a faded altar of an unknown god.
    51 | D:1      | Reached skill level 3 in Stealth
   111 | D:1      | Reached XP level 2. HP: 17/17 MP: 5/5
   292 | D:1      | Reached skill level 1 in Unarmed Combat
   450 | D:1      | Reached XP level 3. HP: 19/21 MP: 6/6
   461 | D:1      | HP: 5/21 [jackal (3)]
  1130 | D:2      | Reached skill level 2 in Unarmed Combat
  1144 | D:2      | Reached XP level 4. HP: 26/27 MP: 7/7
  1360 | D:2      | Reached skill level 4 in Earth Magic
  1812 | D:3      | Noticed Robin
  1819 | D:2      | Learned a level 3 spell: Stone Arrow
  1845 | D:3      | Found Esmea's Distillery.
  1850 | D:3      | Bought 2 potions of lignification for 60 gold pieces
  1850 | D:3      | Bought a potion of curing for 30 gold pieces
  1850 | D:3      | Bought a potion of curing for 30 gold pieces
  1951 | D:3      | Killed Robin
  1952 | D:3      | Reached XP level 5. HP: 31/31 MP: 5/8
  1958 | D:3      | Noticed Ijyb
  1967 | D:3      | HP: 7/31 [constriction (1)]
  1972 | D:3      | Killed Ijyb
  1973 | D:3      | Reached skill level 3 in Unarmed Combat
  2006 | D:3      | Noticed Jessica
  2178 | D:3      | Killed Jessica
  2179 | D:3      | Reached skill level 2 in Conjurations
  2206 | D:3      | Learned a level 3 spell: Passwall
  2294 | D:3      | Found a shadowy altar of Dithmenos.
  2630 | D:3      | Found a sparkling altar of Nemelex Xobeh.
  2702 | D:4      | Noticed a black bear
  2708 | D:4      | Killed a black bear
  2709 | D:4      | Reached skill level 5 in Earth Magic
  2709 | D:4      | Reached XP level 6. HP: 11/36 MP: 3/9
  2862 | D:4      | Found a large runed translucent door.
  2864 | D:4      | Found a large runed translucent door.
  2871 | D:4      | Found a corrupted altar of Lugonu.
  2898 | D:4      | Noticed Pikel
  2926 | D:4      | Killed Pikel
  2927 | D:4      | Reached skill level 4 in Unarmed Combat
  2927 | D:4      | Reached skill level 4 in Conjurations
  2927 | D:4      | Reached XP level 7. HP: 21/41 MP: 1/10
  3221 | D:4      | Reached skill level 5 in Unarmed Combat
  3221 | D:4      | Reached skill level 6 in Earth Magic
  3273 | D:4      | Found a one-way gate to the infinite horrors of the Abyss.
  3386 | D:4      | Reached XP level 8. HP: 45/46 MP: 7/11
  3769 | D:4      | Learned a level 4 spell: Brom's Barrelling Boulder
  3773 | D:5      | Entered Level 5 of the Dungeon
  4052 | D:5      | Found Besoez's Assorted Antiques.
  4075 | D:5      | Bought a scroll labelled TUFFUGR MUCUL for 28 gold pieces
  4075 | D:5      | Bought a scroll labelled SUZAYM GEHUBBU for 28 gold pieces
  4075 | D:5      | Bought a scroll labelled VOROGU UMERGHECH for 28 gold
                  | pieces
  4075 | D:5      | Bought an emerald potion for 25 gold pieces
  4585 | D:5      | Found a glowing golden altar of the Shining One.
  4926 | D:6      | Reached skill level 5 in Conjurations
  4937 | D:5      | HP: 10/46 [water moccasin (7)]
  5163 | D:6      | You pick up a book of Weapons and begin reading...
  5163 | D:6      | You add the spells Tukima's Dance, Dimensional Bullseye and
                  | Iskenderun's Mystic Blast to your library.
  5180 | D:6      | Found a staircase to the Ecumenical Temple.
  5181 | D:6      | You pick up a book of Party Tricks and begin reading...
  5181 | D:6      | You add the spells Apportation, Jinxbite and Alistair's
                  | Intoxication to your library.
  5202 | Temple   | Entered the Ecumenical Temple
  5224 | D:6      | Reached skill level 6 in Unarmed Combat
  5275 | D:6      | Reached skill level 7 in Earth Magic
  5486 | D:6      | You add the spells Cigotuvi's Dreadful Rot, Ignite Poison
                  | and Freezing Cloud to your library.
  5535 | D:6      | You pick up a book of Touch and begin reading...
  5535 | D:6      | You add the spells Kiss of Death, Confusing Touch and
                  | Dispel Undead to your library.
  5601 | D:6      | Found an opulent altar of Gozag.
  5753 | D:7      | Reached XP level 9. HP: 41/51 MP: 1/12
  5895 | D:6      | Reached skill level 6 in Conjurations
  6249 | D:7      | HP: 9/51 [ice beast (7)]
  6250 | D:7      | HP: 4/51 [ice beast (5)]
  6250 | D:7      | Mangled by an ice beast

Vanquished Creatures
  Pikel (D:4)
  2 yaks
  A water moccasin (D:5)
  A black bear (D:4)
  An ogre (D:4)
  A centaur (D:6)
  A kobold brigand (D:7)
  2 lemures (D:4)
  A bullfrog (D:7)
  A scorpion (D:5)
  3 hounds
  An orc priest (D:6)
  A bombardier beetle (D:4)
  4 iguanas
  2 jellies
  A gnoll bouda (D:5)
  Jessica (D:3)
  2 orc wizards (D:7)
  Ijyb (D:3)
  Robin (D:3)
  7 gnolls (D:5)
  5 adders
  A shadow imp (D:5)
  2 white imps
  2 ufetubi (D:6)
  2 dart slugs
  A ribbon worm (D:4)
  22 orcs
  11 ball pythons
  9 endoplasms
  4 giant cockroaches
  17 goblins
  9 hobgoblins
  2 jackals (D:1)
  7 quokkas
  8 bats
  12 kobolds
  10 rats
160 creatures vanquished.

Table legend:
 A = Non-vault XP
 B = Vault XP
 C = Vault XP percentage of total XP
 D = Non-vault monster count
 E = Vault monster count
 F = Vault count percentage of total count
                 A         B        C        D         E       F
            +---------+---------+-------+---------+---------+-------
      Total |    2134 |     712 |  25.0 |     135 |      23 |  14.6
            +---------+---------+-------+---------+---------+-------
        D:1 |      46 |       5 |   9.8 |      26 |       5 |  16.1
        D:2 |      52 |       7 |  11.9 |      24 |       4 |  14.3
        D:3 |      98 |     107 |  52.2 |      23 |      13 |  36.1
        D:4 |     320 |     593 |  65.0 |      11 |       1 |   8.3
        D:5 |     564 |       0 |   0.0 |      18 |       0 |   0.0
        D:6 |     536 |       0 |   0.0 |      18 |       0 |   0.0
        D:7 |     518 |       0 |   0.0 |      15 |       0 |   0.0
            +---------+---------+-------+---------+---------+-------

Skill      XL: |  1  2  3  4  5  6  7  8  9 |
---------------+----------------------------+-----
Stealth        | 3 |  3.0
Unarmed Combat | 1 2 3 4 5 6 |  6.9
Earth Magic    | 4 5 6 7 |  7.6
Conjurations   | 2 4 5 6 |  6.2
Dodging        | |  2.0
Spellcasting   | |  2.0

Action                     |  1- 3 |  4- 6 |  7- 9 || total
---------------------------+-------+-------+-------++-------
  Melee: Unarmed           |   100 |    87 |       ||   187
         Constrict         |    31 |    26 |    10 ||    67
         Tentacles         |    22 |    19 |     8 ||    49
         Punch             |     2 |     2 |       ||     4
         Dagger            |       |    25 |    35 ||    60
   Cast: Sandblast         |     4 |    29 |    77 ||   110
         Stone Arrow       |       |     3 |    15 ||    18
         Brom's Barrelling |       |       |     1 ||     1
  Evoke: Wand              |       |     2 |       ||     2
    Use: Potion            |       |     4 |     1 ||     5
         Scroll            |       |       |    10 ||    10
   Stab: Sleeping          |     4 |    10 |     2 ||    16
 Armour: Skin              |    48 |    95 |    49 ||   192
  Dodge: Dodged            |    92 |    76 |    40 ||   208

Illustrated notes

Table legend:
 A = Kills in this place as a percentage of kills in the entire game.
 B = Kills by you in this place as a percentage of kills by you in the entire game.
 C = Kills by friends in this place as a percentage of kills by friends in the entire game.
 D = Other kills in this place as a percentage of other kills in the entire game.
 E = Experience gained in this place as a percentage of experience gained in the entire game.
 F = Experience gained in this place divided by the number of levels of this place that you have seen.
                   A       B       C       D       E      F
               +-------+-------+-------+-------+-------+----------------------
         Total | 100.0 | 100.0 |   N/A |   N/A | 100.0 | 355.8
       Dungeon | 100.0 | 100.0 |   N/A |   N/A | 100.0 | 406.6
               +-------+-------+-------+-------+-------+----------------------

Table legend: (Time is in decaauts)
 A = Elapsed time spent in this place.
 B = Non-inter-level travel time spent in this place.
 C = Inter-level travel time spent in this place.
 D = Time resting spent in this place.
 E = Time spent auto-exploring this place.
 F = Levels seen in this place.
 G = Mean time per level.
                   A        B        C        D        E       F      G
               +--------+--------+--------+--------+--------+-----+--------+
         Total |   6297 |   6093 |    204 |    360 |   4641 |   8 |  787.1 |
       Dungeon |   6295 |   6091 |    204 |    360 |   4641 |   7 |  899.3 |
        Temple |      1 |      1 |      0 |      0 |      0 |   1 |    1.0 |
               +--------+--------+--------+--------+--------+-----+--------+

Top non-repeatable levels by time:
     D:5: 1280 daAuts
     D:4: 1117 daAuts
     D:1: 946 daAuts
     D:6: 936 daAuts
     D:2: 893 daAuts
     D:3: 823 daAuts
     D:7: 297 daAuts
  Temple: 1 daAuts
